 Dungeon Crawl Stone Soup version 0.23.2-33-g5129a83184 (webtiles) character file.

Game seed: 8465845523599297953

751 psyvane the Skirmisher (level 7, -2/78 HPs)
             Began as an Ogre Arcane Marksman on July 14, 2019.
             Was a Follower of Okawaru.
             Killed by divine providence
             ... invoked by an orc priest
              (15 damage)
             ... on level 6 of the Dungeon.
             The game lasted 00:25:16 (6115 turns).

psyvane the Skirmisher (Ogre Arcane Marksman)       Turns: 6115, Time: 00:25:16

Health: -2/78      AC: 12    Str: 18      XL:     7   Next: 78%
Magic:  2/8        EV: 10    Int: 12      God:    Okawaru [*.....]
Gold:   250        SH:  0    Dex:  9 (10) Spells: 2/8 levels left

rFire    + + .     SeeInvis .   k - +4 dagger (protect)
rCold    + + .     Gourm    .   (no shield)
rNeg     . . .     Faith    .   u - +2 robe {rC+ rF+}
rPois    +         Spirit   .   (helmet restricted)
rElec    +         Reflect  .   b - +0 cloak
rCorr    +         Harm     .   (gloves unavailable)
MR       .....                  (boots unavailable)
Stlth    +.........             m - amulet of rage
HPRegen  0.23/turn              (no ring)
MPRegen  0.11/turn              (no ring)

@: resistant, protection aura
A: large, unfitting armour, antennae 1, deformed body, dopey 1, strong 1, tough
skin 1
a: Heroism, Renounce Religion, Evoke Berserk Rage


You were on level 6 of the Dungeon.
You worshipped Okawaru.
Okawaru was aware of your devotion.
You were not hungry.

You visited 2 branches of the dungeon, and saw 7 of its levels.

You collected 250 gold pieces.

Inventory:

Hand Weapons
 e - a +0 club
 k - a +4 dagger of protection (weapon)
Missiles
 c - 4 large rocks (quivered)
 d - 2 throwing nets
Armour
 b - a +0 cloak (worn)
 u - a +2 robe of resistance (worn)
Magical Staves
 q - an uncursed staff of earth
 t - an uncursed staff of power
Jewellery
 m - an amulet of rage (around neck)
Scrolls
 a - a scroll of random uselessness {unknown}
 n - a scroll of enchant armour {unknown}
 o - 2 scrolls of teleportation {unknown}
 p - a scroll of remove curse {unknown}
 v - 2 scrolls of noise
 x - a scroll of identify
Potions
 g - 2 potions of lignification
 j - 2 potions of brilliance
 l - a potion of flight {unknown}
 r - a potion of degeneration {unknown}
 s - a potion of ambrosia {unknown}
 w - a potion of invisibility {unknown}
Comestibles
 f - 8 rations


   Skills:
 - Level 7.1 Fighting
 - Level 0.1 Maces & Flails
 - Level 3.7 Throwing
 - Level 1.7 Dodging
 - Level 1.2 Spellcasting
 * Level 5.6 Hexes


You had 2 spell levels left.
You knew the following spells:

 Your Spells              Type           Power        Failure   Level  Hunger
a - Corona                Hex            ##.....      3%          1    ##.....
b - Slow                  Hex            ##......     4%          2    ###....
c - Portal Projectile     Hex/Tloc       #.....       28%         3    ####...

Your spell library contained the following spells:

 Spells                   Type           Power        Failure   Level  Hunger
 Inner Flame              Hex/Fire       #.......     28%         3    ####...
 Cause Fear               Hex            ##........   28%         4    #####..
 Leda's Liquefaction      Hex/Erth       #.........   67%         4    #####..


Dungeon Overview and Level Annotations

Branches:
Dungeon (6/15)             Temple (1/1) D:5

Altars:
Ashenzari
Cheibriados
Dithmenos
Elyvilon
Fedhas
Gozag
Hepliaklqana
Kikubaaqudgha
Nemelex Xobeh
Okawaru
Qazlal
Ru
Sif Muna
Trog
Wu Jian
Xom
Yredelemnul
Zin
The Shining One

Shops:
D:4 }   D:5 =(=?

Annotations:
D:6 2 runed translucent doors, psyvane's ghost, novice HOFE


Innate Abilities, Weirdness & Mutations

You are too large for most types of armour.
You have tough skin. (AC +1)
You have a pair of small antennae on your head.
Armour fits poorly on your strangely shaped body.
You are dopey. (Int -2)
Your muscles are strong. (Str +2)


Message History

The orc priest barely misses you.
You hit the orc priest but do no damage.
The orc priest is moderately wounded.
The orc priest barely misses you.
You hit the orc priest but do no damage.
The orc priest is moderately wounded.
The orc priest invokes the aid of Beogh against you.
Beogh smites you!
* * * LOW HITPOINT WARNING * * *
You feel protected.
The orc priest invokes the aid of Beogh against you.
Beogh smites you!
* * * LOW HITPOINT WARNING * * *
Okay, then.
You feel better. The orc priest hits you with a +0 whip.
* * * LOW HITPOINT WARNING * * *
You fail to use your ability.
The orc priest calls down the wrath of Beogh upon you.
Beogh smites you!
You die...

#.##...# #### #.######
# #≈#.# #######.#
#.#..!. ##....#..#
#.≈...#.#.###...#
##≈.#≈⌠≈.#.#≈≈...≈≈#
#.≈.≈≈.W##.#≈..♣..≈#
####++####..........#
.....oo@.....♣._.♣...#
+##..(#####.....÷....#
..... ##≈..♣..≈#.#
.?.. #≈≈...≈ ## ...
##...# .. .... # ...


You could see an orc priest, psyvane's ghost and an orc.

Vanquished Creatures
  2 ogres (D:6)
  2 scorpions
  A howler monkey (D:4)
  A quasit (D:5)
  A hound (D:4)
  Terence (D:3)
  Natasha (thrice) (D:2)
  A worker ant (D:5)
  A hound skeleton (D:5)
  A mummy (D:4)
  12 adders
  4 worms
  3 dart slugs
  4 leopard geckos
  9 orcs
  11 giant cockroaches
  2 goblins
  10 hobgoblins
  8 jackals
  6 quokkas
  A ball python (D:3)
  5 bats
  6 frilled lizards
  A giant cockroach zombie (D:5)
  3 hobgoblin zombies (D:4)
  5 kobolds
  A kobold zombie (D:4)
  A quokka skeleton (D:4)
  4 rats
110 creatures vanquished.

Vanquished Creatures (others)
  A quokka (D:6)
1 creature vanquished.

Grand Total: 111 creatures vanquished

Notes
Turn   | Place    | Note
-------+----------+-------------------------------------------
     0 | D:1      | psyvane the Ogre Arcane Marksman began the quest for the
                  | Orb.
     0 | D:1      | Reached XP level 1. HP: 19/19 MP: 2/2
    27 | D:1      | You fall through a shaft!
   351 | D:2      | Reached XP level 2. HP: 13/27 MP: 1/3
   355 | D:2      | Learned a level 2 spell: Slow
  1330 | D:1      | Reached XP level 3. HP: 33/33 MP: 0/4
  1867 | D:2      | Noticed Natasha
  1873 | D:2      | Killed Natasha
  1873 | D:2      | Reached skill level 3 in Fighting
  1873 | D:2      | Reached XP level 4. HP: 30/45 MP: 0/5
  2142 | D:2      | Reached skill level 4 in Fighting
  2436 | D:2      | Noticed Natasha
  2441 | D:2      | Killed Natasha
  2441 | D:2      | Reached XP level 5. HP: 53/55 MP: 2/6
  2456 | D:2      | Learned a level 3 spell: Portal Projectile
  2781 | D:2      | Noticed Natasha
  2797 | D:2      | Killed Natasha
  2854 | D:3      | Noticed Terence
  2884 | D:3      | Killed Terence
  3023 | D:3      | Gained mutation: Armour fits poorly on your strangely
                  | shaped body. [potion of mutation]
  3023 | D:3      | Gained mutation: You are dopey. (Int -2) [potion of
                  | mutation]
  3023 | D:3      | Gained mutation: Your muscles are strong. (Str +2) [potion
                  | of mutation]
  3023 | D:3      | Gained mutation: You have a pair of small antennae on your
                  | head. [potion of mutation]
  3111 | D:3      | Found an ornate altar of the Wu Jian Council.
  3111 | D:3      | Found a blossoming altar of Fedhas.
  3182 | D:3      | Reached XP level 6. HP: 64/65 MP: 3/7
  3350 | D:3      | Found a bloodstained altar of Trog.
  3667 | D:4      | Reached skill level 5 in Fighting
  3767 | D:4      | Found Sofewull's Gadget Boutique.
  4042 | D:4      | Reached skill level 6 in Fighting
  4609 | D:5      | Entered Level 5 of the Dungeon
  4614 | D:5      | Found a staircase to the Ecumenical Temple.
  4624 | Temple   | Entered the Ecumenical Temple
  4848 | Temple   | Became a worshipper of Warmaster Okawaru
  5046 | D:5      | Reached skill level 7 in Fighting
  5046 | D:5      | Reached XP level 7. HP: 65/78 MP: 4/8
  5050 | D:5      | Found Feesh's Jewellery Shop.
  5074 | D:5      | Found Quoffow's Jewellery Shoppe.
  5249 | D:5      | Found Eqierot's Magic Scroll Shoppe.
  5585 | D:5      | Found Xatof's Antique Weapon Shop.
  5733 | D:6      | Reached skill level 5 in Hexes
  5876 | D:6      | Reached * piety under Okawaru
  6062 | D:6      | Found a white marble altar of Elyvilon.
  6074 | D:6      | Found a large runed translucent door.
  6074 | D:6      | Found a large runed translucent door.
  6075 | D:6      | Noticed psyvane's ghost (novice HOFE)
  6115 | D:6      | Killed from afar by an orc priest

Skill      XL: |  1  2  3  4  5  6  7 |
---------------+----------------------+-----
Hexes          | 3 5 |  5.6
Fighting       | 3 4 7 |  7.1
Throwing       | 3 |  3.7
Maces & Flails | |  0.1
Dodging        | |  1.7
Spellcasting   | |  1.2

Action                   |  1- 3 |  4- 6 |  7- 9 || total
-------------------------+-------+-------+-------++-------
Melee: Club              |    55 |       |       ||    55
       Unarmed           |     3 |       |       ||     3
       Dagger            |    43 |   269 |   106 ||   418
Throw: Large rock        |       |     3 |       ||     3
 Cast: Corona            |    18 |    62 |    27 ||   107
       Slow              |     5 |    13 |    13 ||    31
  Use: Scroll            |     5 |     3 |     1 ||     9
       Potion            |       |     1 |     2 ||     3
 Stab: Sleeping          |     1 |       |       ||     1
  Eat: Chunk             |     3 |    15 |     2 ||    20
       Ration            |       |       |     1 ||     1
Armor: Robe              |    39 |   127 |    39 ||   205
Dodge: Dodged            |    54 |   162 |    50 ||   266
